 Dungeon Crawl Stone Soup version 0.21.1-1-g345015f (webtiles) character file.

1486 inc the Quickloader (level 8, 0/54 HPs)
             Began as an Octopode Chaos Knight on June 15, 2018.
             Slain by a bullfrog (4 damage)
             ... on level 6 of the Dungeon.
             The game lasted 00:12:31 (6281 turns).

inc the Quickloader (Octopode Chaos Knight)         Turns: 6281, Time: 00:12:32

Health: 0/54       AC:  1    Str: 12      XL:     8   Next: 80%
Magic:  8/8        EV: 15    Int: 14      God:    Xom [.....*]
Gold:   195        SH:  2    Dex: 12 (13) Spells: 7/7 levels left

rFire    . . .     SeeInvis .   a - +2 dagger (venom)
rCold    . . .     Gourm    .   (no shield)
rNeg     + . .     Faith    .   (helmet restricted)
rPois    .         Spirit   .   B - +2 amulet of reflection
rElec    .         Reflect  +   f - ring of stealth
rCorr    .         Harm     .   c - ring of positive energy
MR       .....                  t - ring of flight
Stlth    +++.......             (no ring)
HPRegen  0.18/turn              (no ring)
MPRegen  0.11/turn              (no ring)
                                (no ring)
                                (no ring)

@: no status effects
A: almost no armour, stealthy swim, amphibious, 8 rings, constrict 8, beak,
camouflage 1, blurry vision 2, deterioration 2, gelatinous body 1
a: Renounce Religion, Evoke Flight


You were on level 6 of the Dungeon.
You worshipped Xom.
You were Xom's teddy bear.
You were hungry.

You visited 1 branch of the dungeon, and saw 6 of its levels.

You collected 299 gold pieces.
You spent 104 gold pieces at shops.

Inventory:

Hand Weapons
 a - a +2 dagger of venom (weapon)
 b - a +7 hand crossbow
 i - a +0 short sword
Missiles
 m - 7 curare-tipped needles
 s - 12 bolts
Jewellery
 c - a ring of positive energy (right tentacle)
 f - a ring of stealth (left tentacle)
 t - a ring of flight (on tentacle)
 v - the amulet "Orebriwama" {+Rage Dex+4}
   (You found it on level 5 of the Dungeon)

   [amulet of rage]

   It affects your dexterity (+4).
   It lets you go berserk.
 A - an uncursed amulet of guardian spirit
 B - a +2 amulet of reflection (around mantle)
Wands
 x - a wand of acid (6)
 z - a wand of random effects (27)
Scrolls
 e - 6 scrolls of remove curse
 l - a scroll of enchant armour {unknown}
 n - a scroll of enchant weapon {unknown}
 p - 3 scrolls of teleportation {unknown}
 q - a scroll of blinking {unknown}
 r - a scroll of immolation {unknown}
 u - 2 scrolls of random uselessness {unknown}
 y - 2 scrolls of identify
 C - a scroll of amnesia {unknown}
 D - 2 scrolls of magic mapping {unknown}
Potions
 d - a potion of might {unknown}
 g - a potion of degeneration {unknown}
 h - a potion of lignification {unknown}
 j - 2 potions of magic
 k - 3 potions of haste {unknown}
 o - 5 potions of curing
Comestibles
 w - 12 rations


   Skills:
 - Level 4.9 Fighting
 + Level 8.3 Crossbows
 - Level 5.6 Dodging
 - Level 3.0 Unarmed Combat


You had 7 spell levels left.
You didn't know any spells.

Dungeon Overview and Level Annotations

Branches:
Dungeon (6/15)
 Temple: D:4-7

Altars:
Ashenzari
Cheibriados
Dithmenos
Elyvilon
Gozag
Okawaru
Sif Muna
Uskayaw
Xom
Yredelemnul
Zin

Shops:
D:5 *}!


Innate Abilities, Weirdness & Mutations

You cannot wear most types of armour.
You are very stealthy in the water. (Stealth+)
You are amphibious.
You can wear up to eight rings at the same time.
You can use your tentacles to constrict eight enemies at once.
Your skin changes colour to match your surroundings (Stealth+).
Your rubbery body absorbs attacks. (AC +1, EV +1)
You have a beak for a mouth.
Scrolls take you longer to read.
Your body often deteriorates upon taking damage.


Message History

Okay, then.
You hit the black bear.
The black bear looks as sick as possible!
The black bear is almost dead.
You constrict the black bear.
You kill the black bear!
You feel your dexterity returning.
The leopard gecko completely misses you.
The bullfrog hits you.
* * * LOW HITPOINT WARNING * * *
The leopard gecko barely misses you.
You barely miss the bullfrog. You grab the bullfrog.
You peck the bullfrog, but do no damage.
You squeeze the bullfrog.
The bullfrog is moderately wounded.
You constrict the bullfrog. The bullfrog barely misses you.
The leopard gecko bites you.
* * * LOW HITPOINT WARNING * * *
The bullfrog hits you.
You die...

.....# # .....# #.
.....# #.. ....
....##.. #..# ##
#....##...###..##.##
...........Fl......#
...........†@......##
#####..#
#####.###......#
...##..####.##
##'##### .......+....#
#....# .......#....#
+....# ...##..# #..#
###'##
<..##..###..###+##.).#
...##............#...#
...##............#...#


You could see a bullfrog and a leopard gecko.

Vanquished Creatures
  A water moccasin (D:6)
  A black bear (D:6)
  A centaur (D:4)
  2 bullfrogs (D:6)
  2 scorpions
  A killer bee (D:5)
  2 howler monkeys
  A crimson imp (D:6)
  A quasit (D:6)
  6 hounds
  A bullfrog skeleton (D:6)
  3 orc priests
  8 orc wizards
  Jessica (D:3)
  2 iguanas
  2 worker ants
  3 adders
  3 oozes
  An adder skeleton (D:6)
  2 worms
  2 dart slugs
  6 leopard geckos
  11 orcs
  7 bats (D:1)
  6 giant cockroaches
  4 goblins
  5 hobgoblins
  2 jackals (D:4)
  6 kobolds
  3 quokkas
  A ball python skeleton (D:4)
  6 frilled lizards
  A leopard gecko zombie (D:5)
  5 rats
109 creatures vanquished.

Vanquished Creatures (collateral kills)
  A bullfrog skeleton (D:4)
  A worker ant (D:4)
  An orc (D:4)
3 creatures vanquished.

Grand Total: 112 creatures vanquished

Notes
Turn   | Place    | Note
-------+----------+-------------------------------------------
     0 | D:1      | inc the Octopode Chaos Knight began the quest for the Orb.
     0 | D:1      | Reached XP level 1. HP: 16/16 MP: 1/1
     2 | D:1      | Noticed a dwarf
     2 | D:1      | Noticed a centaur
     4 | D:1      | Noticed a naga
     6 | D:1      | Noticed a human
     8 | D:1      | Noticed a vine stalker
     8 | D:1      | Noticed a vampire
    10 | D:1      | Noticed a demonspawn
    10 | D:1      | Noticed a draconian
    12 | D:1      | Noticed a demigod
    12 | D:1      | Noticed an octopode
    14 | D:1      | Noticed a felid
    14 | D:1      | Noticed a tengu
    16 | D:1      | Noticed an ogre
    18 | D:1      | Noticed a halfling
    18 | D:1      | Noticed a minotaur
    20 | D:1      | Noticed a ghoul
    20 | D:1      | Noticed a troll
    22 | D:1      | Noticed a spriggan
    22 | D:1      | Noticed a gargoyle
    24 | D:1      | Noticed a merfolk
    26 | D:1      | Noticed an elf
    26 | D:1      | Noticed a formicid
   159 | D:1      | Reached XP level 2. HP: 15/21 MP: 2/2
   393 | D:1      | Reached XP level 3. HP: 22/26 MP: 3/3
   396 | D:1      | XOM: god gift: runed hand crossbow {god gift}
   491 | D:1      | XOM: polymorph bat -> frilled lizard
  1015 | D:1      | XOM is BORED!
  1133 | D:2      | Found a shadowy altar of Dithmenos.
  1163 | D:2      | Found a white marble altar of Elyvilon.
  1194 | D:2      | Reached XP level 4. HP: 10/31 MP: 4/4
  1847 | D:3      | XOM: stealth player
  1945 | D:3      | Noticed Jessica
  1950 | D:3      | Killed Jessica
  1999 | D:3      | XOM: 1-stop teleportation journey
  2000 | D:3      | Found a shimmering altar of Xom.
  2589 | D:4      | Found a basalt altar of Yredelemnul.
  2595 | D:4      | Reached XP level 5. HP: 37/37 MP: 5/5
  2632 | D:4      | XOM: cast spell 'Summon Dragon'
  2633 | D:4      | Reached skill level 5 in Dodging
  2738 | D:4      | XOM: 4-stop teleportation journey
  2856 | D:4      | XOM: god gift: 11 stones
  2860 | D:4      | Reached XP level 6. HP: 28/44 MP: 6/6
  3365 | D:4      | XOM: give mutations
  3365 | D:4      | Gained mutation: You tend to lose your temper in combat. [Xom's mischief]
  3365 | D:4      | Gained mutation: You occasionally shout uncontrollably at your foes. [Xom's mischief]
  3365 | D:4      | Lost mutation: You tend to lose your temper in combat. [Xom's mischief]
  3365 | D:4      | Gained mutation: You possess an exceptional clarity of mind. [Xom's mischief]
  3448 | D:4      | XOM: severe Ice miscast
  3522 | D:4      | XOM: severe Air miscast
  3714 | D:4      | XOM: give mutations
  3714 | D:4      | Gained mutation: You are somewhat resistant to further mutation. [Xom's mischief]
  3714 | D:4      | Lost mutation: You possess an exceptional clarity of mind. [Xom's mischief]
  3714 | D:4      | Gained mutation: Your body sometimes deteriorates upon taking damage. [Xom's mischief]
  3714 | D:4      | Gained mutation: Your body often deteriorates upon taking damage. [Xom's mischief]
  3865 | D:4      | Reached skill level 2 in Crossbows
  3865 | D:4      | Reached XP level 7. HP: 19/49 MP: 7/7
  3876 | D:4      | Found a shattered altar of Ashenzari.
  3876 | D:4      | XOM: 5-stop teleportation journey
  3975 | D:4      | XOM: harmless Hex miscast
  4092 | D:4      | Reached skill level 3 in Crossbows
  4614 | D:5      | Entered Level 5 of the Dungeon
  4645 | D:5      | Found Qeomon's Distillery.
  4652 | D:5      | Got a sparkling pewter amulet
  4654 | D:5      | Bought a potion of curing for 39 gold pieces
  4654 | D:5      | Bought a potion of heal wounds for 65 gold pieces
  4660 | D:5      | Found a glowing silver altar of Zin.
  4661 | D:5      | XOM: polymorph adder -> killer bee
  4667 | D:5      | Found a snail-covered altar of Cheibriados.
  4674 | D:5      | Identified the amulet "Orebriwama" {+Rage Dex+4} (You found it on level 5 of the Dungeon)
  4675 | D:5      | Lost mutation: You are somewhat resistant to further mutation. [potion of mutation]
  4675 | D:5      | Lost mutation: You occasionally shout uncontrollably at your foes. [potion of mutation]
  4675 | D:5      | Gained mutation: Scrolls take you a little longer to read. [potion of mutation]
  4675 | D:5      | Gained mutation: You have a beak for a mouth. [potion of mutation]
  4683 | D:5      | Found Gatotato's Gadget Boutique.
  4734 | D:5      | Reached skill level 4 in Crossbows
  4792 | D:5      | Found a deep blue altar of Sif Muna.
  4939 | D:5      | Found a hide-covered altar of Uskayaw.
  4943 | D:5      | XOM: god gift: wand of acid (6)
  5036 | D:5      | Found Gozag's Platinum Reserve.
  5040 | D:5      | Found an opulent altar of Gozag.
  5167 | D:6      | XOM: stealth player
  5200 | D:6      | Reached skill level 5 in Crossbows
  5209 | D:6      | XOM: smoke on damage
  5210 | D:6      | Found an iron altar of Okawaru.
  5254 | D:6      | Reached XP level 8. HP: 45/54 MP: 8/8
  5318 | D:6      | Reached skill level 6 in Crossbows
  5379 | D:6      | XOM: god gift: 14 gold pieces
  5672 | D:6      | Reached skill level 7 in Crossbows
  5836 | D:6      | XOM: medium Erth miscast
  6049 | D:6      | XOM is BORED!
  6049 | D:6      | XOM: give mutations
  6049 | D:6      | Gained mutation: You are frail. (-10% HP) [Xom's mischief]
  6049 | D:6      | Lost mutation: You are frail. (-10% HP) [Xom's mischief]
  6049 | D:6      | Gained mutation: Scrolls take you longer to read. [Xom's mischief]
  6238 | D:6      | Reached skill level 8 in Crossbows
  6281 | D:6      | Slain by a bullfrog

Skill      XL: |  1  2  3  4  5  6  7  8 |
---------------+-------------------------+-----
Dodging        | 3 4 5 |  5.6
Fighting       | 4 |  4.9
Crossbows      | 2 5 8 |  8.3
Unarmed Combat | |  3.0

Action                   |  1- 3 |  4- 6 |  7- 9 || total
-------------------------+-------+-------+-------++-------
Melee: Unarmed           |    94 |    88 |     9 ||   191
       Constrict         |    23 |    25 |     9 ||    57
       Tentacles         |    12 |    19 |     8 ||    39
       Punch             |     1 |     1 |       ||     2
       Dagger            |       |       |    33 ||    33
       Peck              |       |       |    13 ||    13
 Fire: Hand crossbow     |       |     5 |   100 ||   105
  Use: Scroll            |       |       |     3 ||     3
       Potion            |       |       |     2 ||     2
 Stab: Sleeping          |     6 |     3 |     3 ||    12
       Distracted        |     1 |       |       ||     1
  Eat: Chunk             |     1 |     6 |     2 ||     9
       Ration            |       |     1 |     1 ||     2
Armor: Skin              |     9 |     4 |     3 ||    16
Dodge: Dodged            |    56 |    55 |    67 ||   178
Block: Other             |       |       |     3 ||     3
